AoeStats
← Sweet_Pain

Arabia

507742420Analyzed
1v1 RM · 14d ago on Sep 19, 2026· 44m 28s· 2 players
Game mode
Random Map
Map size
Tiny (2 player)
Population
200
Speed
Normal
Resources
Standard
Victory
Conquest
Starting age
Dark Age
Ending age
Imperial Age
RankedLock teamsTeams togetherTeam positionsShared explorationLock speedFull tech treeHidden civsTurbo modeCheats
Victory
Defeat
🇦🇷 Chinese · Argentina
1671
+15
🇦🇷 Armenians · Argentina
1645
-15
Sweet_Pain
5:42 Loom
8:32 Feudal Age
9:36 Double-Bit Axe
12:48 Horse Collar
14:21 Fletching
17:46 Town Watch
21:11 Castle Age
20:19 Bloodlines
20:21 Gold Mining
21:29 Scale Barding Armor
22:31 Forging
33:31 Bow Saw
33:39 Scale Mail Armor
33:04 Pikeman
38:47 Imperial Age
36:46 Gambesons
37:15 Squires
37:01 Arson
37:37 Chain Mail Armor
38:52 Iron Casting
40:41 Plate Mail Armor
41:51 Chemistry
Poeta_Virgilio
0:26 Loom
8:53 Feudal Age
10:24 Double-Bit Axe
10:39 Horse Collar
18:02 Scale Barding Armor
18:08 Forging
23:23 Castle Age
22:33 Gold Mining
23:11 Bloodlines
24:44 Chain Barding Armor
29:57 Wheelbarrow
30:03 Stone Mining
30:16 Husbandry
31:02 Bow Saw
32:11 Hand Cart
39:41 Imperial Age
39:22 Crossbowman
39:51 Cavalier
41:07 Plate Barding Armor
40:33 Fletching
41:28 Conscription
41:55 Thumb Ring
41:52 Padded Archer Armor
43:32 Ballistics
43:53 Bodkin Arrow
45:07 Bracer
Connection lost

Rejoining the realm…

Still unreachable

The connection could not be restored.

Session expired

The server has moved on; the page needs a fresh start.